 Dungeon Crawl Stone Soup version 0.31.0-32-g396128a36d (webtiles) character file.

Game seed: 5483737416477706700

401 Smersh616 the Ducker (level 6, -3/42 HPs)
             Began as an Octopode Shapeshifter on Mar 27, 2024.
             Slain by a gnoll
             ... wielding a +0 spear
              (9 damage)
             ... on level 4 of the Dungeon.
             The game lasted 00:39:32 (3325 turns).

Smersh616 the Ducker (Octopode Shapeshifter)        Turns: 3325, Time: 00:39:32

Health: -3/42      AC:  1    Str: 15    XL:     6   Next: 85%
Magic:  6/6        EV: 14    Int: 13    God:
Gold:   267        SH:  0    Dex: 11    Spells: 5/5 levels left

rFire   . .          .
                       - Unarmed
rCold   . . .        (no shield)
rNeg    . . .        (helmet currently unavailable)
rPois   .            (no amulet)
rElec   .            (no ring)
rCorr   .            (no ring)
SInv    .            (no ring)
Will    .....        (no ring)
Stlth   ++           (no ring)
HPRegen 0.27/turn    (no ring)
MPRegen 0.10/turn    (no ring)
                     (no ring)

%: no passive effects
@: beast-form
A: beast (slay +2), almost no armour, amphibious, 8 rings, camouflage 1,
gelatinous body 1, (nimble swimmer 1), tentacles
a: Begin Untransformation


You were on level 4 of the Dungeon.
You were a hulking beast.
You visited 1 branch of the dungeon, and saw 4 of its levels.

You collected 267 gold pieces.

Inventory:

Hand Weapons
 e - a +0 short sword
 h - a +0 short sword of draining
Talismans
 b - a beast talisman
 c - a flux talisman
Scrolls
 d - a scroll of teleportation
Potions
 a - 2 potions of lignification
 f - 2 potions of mutation
 g - 2 potions of brilliance


   Skills:
 - Level 3.0 Fighting
 - Level 5.0 Dodging
 - Level 3.0 Unarmed Combat
 + Level 4.7 Shapeshifting


You had 5 spell levels left.
You didn't know any spells.
Your spell library contained the following spells:

 Spells                   Type           Power      Damage    Failure   Level
 Magic Dart               Conj           0%         1d3       30%         1
 Blink                    Tloc           0%         N/A       43%         2
 Call Imp                 Summ           0%         N/A       43%         2
 Mercury Vapours          Alch/Air       0%         N/A       43%         2
 Sublimation of Blood     Necr           0%         N/A       43%         2
 Mephitic Cloud           Conj/Alch/Air  0%         N/A       67%         3
 Freezing Cloud           Conj/Ice/Air   0%         6-21      100%        5
 Summon Hydra             Summ           0%         N/A       100%        7


Dungeon Overview and Level Annotations

Branches:
Dungeon (4/15)
 Temple: D:4-7

Altars:

Shops:
D:3 =


Innate Abilities, Weirdness & Mutations

You are a hulking beast.
Your limbs bulge with bestial killing power. (Slay +2)
You cannot wear most types of armour.
You are amphibious.
You can wear up to eight rings at the same time.
Your skin changes colour to match your surroundings (Stealth+).
Your rubbery body absorbs attacks. (AC +1, EV +1)
((You are camouflaged when in or above water. (Stealth+)))
You have tentacles for arms and can constrict up to eight enemies at once.


Message History

The gnoll hits you from afar with a +0 spear.
* * * LOW HITPOINT WARNING * * *
You feel better. The gnoll hits you but does no damage.
The gnoll hits you but does no damage. The gnoll hits you but does no damage.
The gnoll hits you but does no damage. The gnoll hits you but does no damage.
The gnoll hits you from afar with a +0 spear.
* * * LOW HITPOINT WARNING * * *
The gnoll hits you from afar with a +0 spear.
* * * LOW HITPOINT WARNING * * *
The gnoll hits you from afar with a +0 spear!
* * * LOW HITPOINT WARNING * * *
The gnoll hits you but does no damage. The gnoll barely misses you.
The gnoll hits you but does no damage.
The gnoll hits you from afar with a +0 spear.
* * * LOW HITPOINT WARNING * * *
The gnoll barely misses you. The gnoll hits you but does no damage.
The gnoll hits you from afar with a +0 spear.
* * * LOW HITPOINT WARNING * * *
The gnoll hits you but does no damage. The gnoll hits you but does no damage.
The gnoll hits you but does no damage. The gnoll hits you but does no damage.
The gnoll hits you but does no damage.
Your transformation is almost over.
The gnoll hits you but does no damage. The gnoll hits you but does no damage.
The gnoll hits you but does no damage. The gnoll barely misses you.
The gnoll hits you but does no damage. The gnoll hits you but does no damage.
The gnoll hits you but does no damage. The gnoll hits you but does no damage.
You feel less wooden.
You turn into a hulking beast.
The gnoll hits you from afar with a +0 spear!
You die...

.## ###..## #..
....##....# #..
#........# ##.
####.....# ## ###...# #
#...# # ##.## ####...# #
......#####......# ##
.....g)h.........# ##.
############.....#####..
##........###
##.....(.### #..#######
#.## ###


You could see a gnoll.

Vanquished Creatures
  Grinder (D:3)
  An iguana (D:4)
  Natasha (D:3)
  Terence (D:3)
  3 gnolls (D:4)
  5 adders
  2 dart slugs
  5 endoplasms
  3 giant cockroaches
  5 hobgoblins
  6 quokkas
  8 ball pythons
  4 bats
  5 frilled lizards
  6 goblins
  7 kobolds
  4 rats
67 creatures vanquished.

Notes
Turn   | Place    | Note
-------+----------+-------------------------------------------
     0 | D:1      | Smersh616 the Octopode Shapeshifter began the quest for the
                  | Orb.
     0 | D:1      | Reached XP level 1. HP: 13/13 MP: 1/1
   287 | D:1      | Reached XP level 2. HP: 13/18 MP: 2/2
  1128 | D:2      | Reached XP level 3. HP: 21/24 MP: 3/3
  1641 | D:2      | Reached skill level 3 in Dodging
  1781 | D:2      | Reached XP level 4. HP: 30/31 MP: 4/4
  2123 | D:3      | Noticed Grinder
  2129 | D:3      | Paralysed by Grinder for 4 turns
  2231 | D:3      | Paralysed by Grinder for 5 turns
  2241 | D:3      | Killed Grinder
  2242 | D:3      | Reached skill level 5 in Dodging
  2242 | D:3      | Reached XP level 5. HP: 23/36 MP: 5/5
  2242 | D:3      | Reached XP level 6. HP: 27/42 MP: 6/6
  2350 | D:3      | Found Veubeupeeck's Jewellery Shoppe.
  2350 | D:3      | Noticed Terence
  2386 | D:3      | Killed Terence
  2473 | D:3      | Noticed Natasha
  2482 | D:3      | Killed Natasha
  3014 | D:3      | Found a faded altar of an unknown god.
  3325 | D:4      | Slain by a gnoll

Illustrated notes

Levels and vault maps discovered:
D:1:      sevenhm_arrival_forest_fort_small_1, layout_loops_corners,
          serial_bayou_lagoon_a
D:2:      wander_river, layout_loops_corners, grunt_decor_arrowhead
D:3:      wad_river_or_something, layout_basic,
          shapermc_ecumenical_altar_hornbeckon, serial_shops,
          nicolae_shop_gaudy_bauble, uniq_natasha, uniq_terence, uniq_grinder
D:4:      layout_layer_cave, led_sif_book, gammafunk_ghost_arena,
          chequers_serial_rivers_marsh

Skill      XL: |  1  2  3  4  5  6 |
---------------+-------------------+-----
Fighting       | 2 3 |  3.0
Dodging        | 3 5 |  5.0
Shapeshifting  | 4 |  4.7
Unarmed Combat | |  3.0

Action                     |  1- 3 |  4- 6 || total
---------------------------+-------+-------++-------
  Melee: Unarmed           |    62 |    70 ||   132
         Constrict         |    14 |    21 ||    35
         Tentacles         |     8 |    19 ||    27
         Punch             |     2 |     2 ||     4
    Use: Scroll            |     4 |     3 ||     7
         Potion            |       |     4 ||     4
   Stab: Sleeping          |     8 |     4 ||    12
 Armour: Skin              |    15 |    56 ||    71
  Dodge: Dodged            |    20 |    41 ||    61
